 Dungeon Crawl Stone Soup version 0.20.1-1-g8b1a95d (webtiles) character file.

192 Folque the Magician (level 5, -8/36 HPs)
             Began as an Octopode Wizard on Oct 29, 2017.
             Killed from afar by Ijyb (21 damage)
             ... with a wand of acid (?/15)
             ... on level 4 of the Dungeon.
             The game lasted 00:18:59 (3327 turns).

Folque the Magician (Octopode Wizard)               Turns: 3327, Time: 00:19:00

Health: -8/36      AC:  1    Str:  7    XL:     5   Next: 71%
Magic:  10/11      EV: 13    Int: 21    God:
Gold:   177        SH:  0    Dex: 10    Spells: 4/12 levels left

rFire    . . .     SeeInvis .   C - +0 blowgun
rCold    . . .     Gourm    .   (no shield)
rNeg     + . .     Faith    .   a - +0 hat
rPois    .         Spirit   .   (no amulet)
rElec    .         Reflect  .   l - ring of positive energy
rCorr    .         Harm     .   (no ring)
MR       .....                  (no ring)
Stlth    +++.......             (no ring)
Regen    0.2/turn               (no ring)
MPRegen  0.2/turn               (no ring)
                                (no ring)
                                (no ring)

@: no status effects
A: almost no armour, stealthy swim, amphibious, 8 rings, constrict 8, camouflage
1, gelatinous body 1
a: no special abilities


You were on level 4 of the Dungeon.
You were not hungry.

You visited 1 branch of the dungeon, and saw 4 of its levels.

You collected 177 gold pieces.

Inventory:

Hand Weapons
 d - a +0 hand axe
 g - a +0 dagger
 u - a +0 spear
 v - a +2 dagger of freezing
 x - a +0 short sword of holy wrath
 C - a +0 blowgun (weapon)
Missiles
 j - 4 javelins
 A - 34 poisoned needles (quivered)
Armour
 a - a +0 hat (worn)
Jewellery
 l - a ring of positive energy (left tentacle)
 B - an uncursed ring of protection from fire {unknown}
Scrolls
 f - 2 scrolls of remove curse
 h - a scroll of fog {unknown}
 k - a scroll of random uselessness {unknown}
 n - 3 scrolls of teleportation {unknown}
 p - a scroll of amnesia {unknown}
 r - a scroll of noise {unknown}
 w - a scroll of recharging {unknown}
 y - a scroll of magic mapping {unknown}
Potions
 e - 2 potions of haste {unknown}
 i - a potion of lignification
 m - a potion of berserk rage {unknown}
 q - a potion of might {unknown}
 z - a potion of brilliance {unknown}
 D - a potion of flight {unknown}
 E - a potion of magic {unknown}
Books
 b - a book of Minor Magic

   Spells                             Type                      Level
   a - Magic Dart                     Conjuration                  1
   b - Blink                          Translocation                2
   c - Call Imp                       Summoning                    2
   d - Slow                           Hexes                        2
   e - Conjure Flame                  Conjuration/Fire             3
   f - Mephitic Cloud                 Conjuration/Poison/Air       3
Comestibles
 c - 3 bread rations
 o - a royal jelly
 s - 4 fruits
 t - 4 chunks of flesh


   Skills:
 - Level 3.2 Fighting
 - Level 2.1 Dodging
 - Level 2.6 Stealth
 + Level 4.1 Spellcasting
 * Level 1.9 Conjurations
 - Level 1.0 Summonings
 - Level 1.0 Translocations
 + Level 1.7 Poison Magic


You had 4 spell levels left.
You knew the following spells:

 Your Spells              Type           Power        Failure   Level  Hunger
a - Magic Dart            Conj           ##..         5%          1    None
b - Call Imp              Summ           #.......     12%         2    #......
c - Blink                 Tloc           N/A          12%         2    #......
d - Mephitic Cloud        Conj/Pois/Air  #.......     22%         3    ###....


Dungeon Overview and Level Annotations

Branches:
Dungeon (4/15)
 Temple: D:4-7

Altars:
Dithmenos
Elyvilon
Trog

Annotations:
D:4 Ijyb


Innate Abilities, Weirdness & Mutations

You cannot wear most types of armour.
You are very stealthy in the water. (Stealth+)
You are amphibious.
You can wear up to eight rings at the same time.
You can use your tentacles to constrict eight enemies at once.
Your skin changes colour to match your surroundings (Stealth+).
Your rubbery body absorbs attacks. (AC +1, EV +1)


Message History

You shoot a poisoned needle. The poisoned needle barely misses Ijyb.
Firing (i - inventory. (,) - cycle):
A - 37 poisoned needles (quivered)
Press: ? - help, Shift-Dir - straight line, f/p - Ijyb
Aim: Ijyb, wearing a ring mail and carrying a wand of acid (?/15) {zapped: 3} (lightly wounded)
You shoot a poisoned needle. The poisoned needle hits Ijyb.
Ijyb is poisoned.
Ijyb is lightly wounded.
Ijyb zaps a wand.
The bolt of acid misses you.
Ijyb looks more healthy.
Firing (i - inventory. (,) - cycle):
A - 36 poisoned needles (quivered)
Press: ? - help, Shift-Dir - straight line, f/p - Ijyb
Aim: Ijyb, wearing a ring mail and carrying a wand of acid (?/15) {zapped: 4} (heavily wounded)
You shoot a poisoned needle.
The poisoned needle closely misses Ijyb.
Firing (i - inventory. (,) - cycle):
A - 35 poisoned needles (quivered)
Press: ? - help, Shift-Dir - straight line, f/p - Ijyb
Aim: Ijyb, wearing a ring mail and carrying a wand of acid (?/15) {zapped: 4} (heavily wounded)
You shoot a poisoned needle. The poisoned needle barely misses Ijyb.
Ijyb zaps a wand.
The bolt of acid hits you!
Ouch! That really hurt!
You die...

#.(.## ###..## ##..# ##(#
###### #.### #....# #.g.##
#### #######...(#
###..####..#
#..........######
##..##..##
#####5#........@#####.##.##
#......####.....#.##.#
##..#### #####g..##.####
##..# ##..(.....## # ##.#
##....##..# # #.#
#..#####.### #.# #....#
#.... #.^.# ##.#.###..##
###.# ##..#.....###


You could see Ijyb.

Vanquished Creatures
  Jessica (D:2)
  An iguana (D:3)
  3 adders (D:3)
  A leopard gecko (D:3)
  An orc (D:4)
  5 bats
  2 giant cockroaches
  10 goblins
  8 hobgoblins
  6 jackals
  4 kobolds
  2 quokkas (D:2)
  A frilled lizard (D:2)
  10 rats
55 creatures vanquished.

Vanquished Creatures (collateral kills)
  A centaur skeleton (D:4)
  A worker ant (D:4)
  2 adders
  A worm (D:2)
  3 orcs (D:3)
  A goblin (D:3)
  A hobgoblin (D:3)
  4 jackals (D:2)
  A ball python (D:3)
  3 kobolds (D:3)
18 creatures vanquished.

Vanquished Creatures (others)
  A plant (D:3)
1 creature vanquished.

Grand Total: 74 creatures vanquished

Notes
Turn   | Place    | Note
-------+----------+-------------------------------------------
     0 | D:1      | Folque the Octopode Wizard began the quest for the Orb.
     0 | D:1      | Reached XP level 1. HP: 11/11 MP: 4/4
   261 | D:1      | Reached skill level 1 in Fighting
   320 | D:1      | Reached XP level 2. HP: 14/18 MP: 0/6
   870 | D:1      | Learned a level 2 spell: Call Imp
   873 | D:1      | Learned a level 2 spell: Blink
  1015 | D:2      | Reached XP level 3. HP: 24/24 MP: 2/7
  1062 | D:2      | Found a white marble altar of Elyvilon.
  1349 | D:2      | Found a bloodstained altar of Trog.
  1395 | D:2      | Found a shadowy altar of Dithmenos.
  1398 | D:2      | Noticed Jessica
  1407 | D:2      | Killed Jessica
  1407 | D:2      | Reached XP level 4. HP: 30/30 MP: 9/9
  1415 | D:2      | Learned a level 3 spell: Mephitic Cloud
  1859 | D:3      | Reached skill level 1 in Poison Magic
  1902 | D:3      | Reached XP level 5. HP: 3/36 MP: 5/10
  2256 | D:3      | Reached skill level 4 in Spellcasting
  3297 | D:4      | Noticed Ijyb
  3327 | D:4      | Killed from afar by Ijyb

Skill      XL: |  1  2  3  4  5 |
---------------+----------------+-----
Fighting       | 1 2 3 |  3.2
Poison Magic   | 1 |  1.7
Spellcasting   | 4 |  4.1
Dodging        | |  2.1
Stealth        | |  2.6
Conjurations   | |  1.9
Summonings     | |  1.0
Translocations | |  1.0

Action                   |  1- 3 |  4- 6 || total
-------------------------+-------+-------++-------
Melee: Dagger            |    51 |    67 ||   118
       Hand axe          |     6 |       ||     6
       Constrict         |    18 |    14 ||    32
       Unarmed           |     5 |       ||     5
       Tentacles         |     6 |     9 ||    15
       Spear             |       |    14 ||    14
 Fire: Blowgun           |       |     4 ||     4
 Cast: Magic Dart        |    21 |    27 ||    48
       Call Imp          |     3 |    16 ||    19
  Use: Scroll            |     4 |     1 ||     5
 Stab: Sleeping          |     5 |     4 ||     9
  Eat: Chunk             |     1 |     7 ||     8
Armor: Skin              |     4 |     3 ||     7
Dodge: Dodged            |    39 |    34 ||    73
